 Dungeon Crawl Stone Soup version 0.30-a0-953-g5f1da4a474 (webtiles) character file.

Game seed: 14037869178500304551

174 Dittersdorf the Covered (level 5, -1/33 HPs)
             Began as a Gargoyle Fighter on Mar 28, 2023.
             Killed by nerve-wracking pain
             ... invoked by Grinder
              (6 damage)
             ... on level 3 of the Dungeon.
             The game lasted 00:03:42 (2305 turns).

Dittersdorf the Covered (Gargoyle Fighter)          Turns: 2305, Time: 00:03:43

Health: -1/33      AC: 11    Str: 22    XL:     5   Next: 54%
Magic:  5/5        EV:  9    Int:  8    God:
Gold:   114        SH:  4    Dex:  9    Spells: 4/4 levels left

rFire   . . .      SeeInvis .    a - +0 flail
rCold   . . .      Faith    .    c - +0 buckler
rNeg    + . .      Spirit   .    b - +0 scale mail
rPois   ∞          Reflect  .    (no helmet)
rElec   +          Rampage  .    (no cloak)
rCorr   +                        (no gloves)
Will    .....                    (no boots) Stlth
                                 (no amulet)
HPRegen 0.25/turn                i - ring of resist corrosion
MPRegen 0.09/turn                (no ring)

@: mighty
A: sickness immunity, AC +4, negative energy resistance 1, electricity
resistance, torment resistance 1, petrification resistance
a: no special abilities


You were on level 3 of the Dungeon.
You visited 1 branch of the dungeon, and saw 3 of its levels.

You collected 114 gold pieces.

Inventory:

Hand Weapons
 a - a +0 flail (weapon)
Armour
 b - a +0 scale mail (worn)
 c - a +0 buckler (worn)
Jewellery
 i - a ring of resist corrosion (left hand)
 s - a ring of protection from cold
Wands
 p - a wand of charming (2)
Scrolls
 f - a scroll of identify {unknown}
 g - 2 scrolls of vulnerability {unknown}
 j - 2 scrolls of fear {unknown}
 k - a scroll of magic mapping {unknown}
 l - a scroll of fog {unknown}
 n - 2 scrolls of teleportation {unknown}
 q - a scroll of blinking {unknown}
 r - a scroll of enchant armour {unknown}
 t - a scroll of amnesia {unknown}
Potions
 e - 2 potions of lignification {unknown}
 h - 2 potions of brilliance {unknown}
 m - a potion of heal wounds {unknown}
 o - 3 potions of curing {unknown}


   Skills:
 + Level 4.3 Fighting
 + Level 3.2 Maces & Flails
 + Level 4.3 Armour
 + Level 4.3 Shields


You had 4 spell levels left.
You didn't know any spells.
Your spell library contained the following spells:

 Spells                   Type           Power      Damage    Failure   Level
 Tukima's Dance           Hex            0%         N/A       99%         3
 Passage of Golubria      Tloc           0%         N/A       100%        4
 Yara's Violent Unravell  Hex/Tmut       0%         3d3       100%        5


Dungeon Overview and Level Annotations

Branches:
Dungeon (3/15)

Altars:

Annotations:
D:3 Grinder


Innate Abilities, Weirdness & Mutations

You are immune to sickness and miasma.
Your stone body is resilient. (AC +4)
You are immune to poison.
You resist negative energy. (rN+)
You are resistant to electric shocks. (rElec)
You are resistant to unholy torment.
You are immune to petrification.


Message History

You are too injured to fight recklessly!
You are too injured to fight recklessly!
You are too injured to fight recklessly!
You are too injured to fight recklessly!
You are too injured to fight recklessly!
You are too injured to fight recklessly!
You closely miss Grinder. Grinder hits you but does no damage.
You closely miss Grinder. Grinder hits you but does no damage.
You hit Grinder.
Grinder is lightly wounded.
Grinder barely misses you.
You barely miss Grinder.
Grinder is lightly wounded.
Grinder hits you. x2; You writhe in agony.
You hit Grinder.
Grinder is moderately wounded.
Grinder hits you but does no damage.
You closely miss Grinder.
Grinder is lightly wounded.
Grinder gestures at you.
You suddenly lose the ability to move!
Grinder hits you but does no damage. Grinder hits you.
* * * LOW HITPOINT WARNING * * *
You can move again.
You feel very mighty all of a sudden.
Grinder blinks!
Grinder hits you but does no damage.
You sock Grinder!
Grinder is moderately wounded.
Grinder hits you.
* * * LOW HITPOINT WARNING * * *
You hit Grinder.
Grinder is heavily wounded.
Grinder hits you but does no damage. x2
You hit Grinder.
Grinder is severely wounded.
Grinder gestures at you. Pain shoots through your body!
You die...

#..# #.# ##.###.#
#.#..# ###..# #.#
#.##..# #.#..# .##..#
.. ..###
#.##.####.#..# #.....
...#..# #.........#..#
#### .# #.#
##...........# ##.
..#####..#####...#
...#................#
#.#5.####..#####..#
#..@..............#
####.#..####..#####.##
#.......####..#
#.............#
#....#######.## ....#.
#.# ...... #.# #####
#.# ..#


You could see Grinder.

Vanquished Creatures
  Ijyb (D:3)
  3 gnolls
  5 adders
  An adder zombie (D:2)
  A worm (D:2)
  2 dart slugs
  7 bats
  A bat skeleton (D:2)
  9 endoplasms
  4 giant cockroaches
  7 goblins
  2 hobgoblins
  4 kobolds
  4 quokkas
  6 ball pythons
  A frilled lizard (D:2)
  6 rats
64 creatures vanquished.

Vanquished Creatures (others)
  2 withered plants (D:2)
2 creatures vanquished.

Grand Total: 66 creatures vanquished

Notes
Turn   | Place    | Note
-------+----------+-------------------------------------------
     0 | D:1      | Dittersdorf the Gargoyle Fighter began the quest for the
                  | Orb.
     0 | D:1      | Reached XP level 1. HP: 14/14 MP: 1/1
   283 | D:1      | Reached XP level 2. HP: 19/19 MP: 2/2
   563 | D:1      | Reached XP level 3. HP: 23/23 MP: 3/3
  1051 | D:2      | Reached XP level 4. HP: 28/29 MP: 4/4
  1550 | D:2      | Reached XP level 5. HP: 33/33 MP: 5/5
  1627 | D:2      | Identified the +6 ring mail "Ruybopruno" {Regen+ rCorr
                  | Slay+4}
  1961 | D:3      | Noticed Ijyb
  1979 | D:3      | Killed Ijyb
  2275 | D:3      | Noticed Grinder
  2279 | D:3      | Paralysed by Grinder for 4 turns
  2287 | D:3      | Paralysed by Grinder for 5 turns
  2297 | D:3      | Paralysed by Grinder for 3 turns
  2305 | D:3      | Killed from afar by Grinder

Illustrated notes

Levels and vault maps discovered:
D:1:      spicycebolla_arrival_xxxplode, layout_basic
D:2:      layout_loops_ring, serial_undead, serial_undead_e, serial_undead_e,
          serial_undead_e, serial_undead_a
D:3:      layout_loops_ring, uniq_grinder, uniq_ijyb

Skill      XL: |  1  2  3  4 |
---------------+-------------+-----
Shields        | 4 |  4.3
Armour         | 4 |  4.3
Fighting       | 4 |  4.3
Maces & Flails | 3 |  3.2

Action                     |  1- 3 |  4- 6 || total
---------------------------+-------+-------++-------
  Melee: Flail             |   131 |   121 ||   252
    Use: Potion            |       |     1 ||     1
 Armour: Scale mail        |    85 |    89 ||   174
  Dodge: Dodged            |    65 |    83 ||   148
  Block: Buckler           |    28 |    46 ||    74

Table legend: (Time is in decaauts)
 A = Elapsed time spent in this place.
 B = Non-inter-level travel time spent in this place.
 C = Inter-level travel time spent in this place.
 D = Time resting spent in this place.
 E = Time spent auto-exploring this place.
 F = Levels seen in this place.
 G = Mean time per level.
                   A        B        C        D        E       F      G
               +--------+--------+--------+--------+--------+-----+--------+
         Total |   2384 |   2318 |     66 |    189 |   1484 |   3 |  794.7 |
       Dungeon |   2384 |   2318 |     66 |    189 |   1484 |   3 |  794.7 |
               +--------+--------+--------+--------+--------+-----+--------+

Top non-repeatable levels by time:
     D:1: 1040 daAuts
     D:2: 985 daAuts
     D:3: 359 daAuts
